 Dungeon Crawl Stone Soup version 0.29-a0-542-g075992c915 (webtiles) character file.

Game seed: 12272052492200784754

233 arpsito the Covered (level 5, 0/47 HPs)
             Began as a Minotaur Fighter on June 4, 2022.
             Slain by a gnoll
             ... wielding a +0 halberd
              (5 damage)
             ... on level 4 of the Dungeon.
             The game lasted 00:25:12 (1700 turns).

arpsito the Covered (Minotaur Fighter)              Turns: 1700, Time: 00:25:18

Health: 0/47       AC:  7    Str: 22    XL:     5   Next: 74%
Magic:  4/4        EV:  9    Int:  5    God:
Gold:   196        SH:  4    Dex: 10    Spells: 4/4 levels left

rFire   . . .      SeeInvis .   p - +2 spear (venom)
rCold   . . .      Faith    .   c - +0 buckler
rNeg    . . .      Spirit   .   b - +0 scale mail
rPois   .          Reflect  .   (helmet restricted)
rElec   .          Harm     .   (no cloak)
rCorr   .          Rampage  .   (no gloves)
Will    .....                   (no boots)
Stlth   ..........              e - amulet of the acrobat
HPRegen 0.15/turn               (no ring)
MPRegen 0.09/turn               (no ring)

@: no status effects
A: horns 2, retaliatory headbutt
a: no special abilities


You were on level 4 of the Dungeon.
You visited 1 branch of the dungeon, and saw 4 of its levels.

You collected 196 gold pieces.

Inventory:

Hand Weapons
 a - a +0 long sword
 p - a +2 spear of venom (weapon)
 r - a +1 dagger of venom
Missiles
 n - 4 boomerangs (quivered)
 s - 2 atropa-tipped darts
Armour
 b - a +0 scale mail (worn)
 c - a +0 buckler (worn)
 l - a +0 robe
 y - a +0 plate armour
Magical Staves
 m - a staff of air
Jewellery
 e - an amulet of the acrobat (around neck)
 x - an amulet of faith
Scrolls
 g - 2 scrolls of noise {unknown}
 i - 2 scrolls of identify
 k - a scroll of vulnerability {unknown}
 u - 2 scrolls of teleportation {unknown}
 w - a scroll of poison {unknown}
 B - a scroll of enchant weapon {unknown}
Potions
 d - a potion of might
 f - a potion of magic {unknown}
 h - a potion of cancellation {unknown}
 j - 3 potions of heal wounds
 o - a potion of berserk rage {unknown}
 q - 2 potions of curing {unknown}
 t - a potion of brilliance {unknown}
 v - a potion of degeneration {unknown}
 z - a potion of attraction {unknown}
 A - a potion of invisibility {unknown}


   Skills:
 + Level 4.4 Fighting
 + Level 4.5 Long Blades
 + Level 1.5 Polearms
 + Level 5.2 Armour
 + Level 1.1 Dodging
 + Level 0.4 Stealth
 + Level 4.2 Shields


You had 4 spell levels left.
You didn't know any spells.
Your spell library contained the following spells:

 Spells                   Type           Power      Damage    Failure   Level
 Blink                    Tloc           0%         N/A       95%         2
 Lesser Beckoning         Tloc           0%         N/A       99%         3
 Manifold Assault         Tloc           0%         N/A       100%        5


Dungeon Overview and Level Annotations

Branches:
Dungeon (4/15)
 Temple: D:4-7

Altars:


Innate Abilities, Weirdness & Mutations

You have a pair of horns on your head.
You reflexively headbutt those who attack you in melee.


Message History

The gnoll hits you from afar with a +0 halberd!
You kill the gnoll!
You block the gnoll's attack. The dart slug completely misses you.
Things that are here:
a +0 whip; a kobold corpse You hit the gnoll.
The gnoll is poisoned.
The gnoll is moderately wounded.
You block the gnoll's attack.
You puncture the gnoll!
The gnoll looks as sick as possible!
The gnoll is almost dead.
The gnoll closely misses you.
You hit the gnoll but do no damage.
The gnoll looks as sick as possible!
The gnoll is almost dead.
You kill the gnoll!
You hit the dart slug.
The dart slug is poisoned.
The dart slug is heavily wounded.
The dart slug closely misses you.
You hit the dart slug.
You kill the dart slug!
You block the gnoll's attack. The gnoll barely misses you.
The gnoll completely misses you.
Things that are here:
a +0 club; a dart slug corpse; a gnoll corpse You hit the gnoll.
The gnoll is poisoned.
The gnoll is moderately wounded.
The gnoll hits you from afar with a +0 spear.
The gnoll hits you with a +0 halberd.
You barely miss the gnoll. You headbutt the gnoll.
The gnoll is heavily wounded.
The gnoll closely misses you. You furiously retaliate!
You headbutt the gnoll.
The gnoll hits you from afar with a +0 spear.
* * * LOW HITPOINT WARNING * * *
You hit the gnoll.
The gnoll looks as sick as possible!
The gnoll is severely wounded.
The gnoll hits you from afar with a +0 spear.
* * * LOW HITPOINT WARNING * * *
The gnoll hits you with a +0 halberd.
* * * LOW HITPOINT WARNING * * *
The gnoll hits you with a +0 halberd.
You die...

##.#..... ...#.....
###..#.....
#..........
#.###########........
#..................#
#######............#
#...<.....s##..#
#..........@gg.#
#.........####'#
#......#### ..
#......# ....
#......# ... ...
#....†.####..... ..
#......†........ .
###########..... ###


You could see a scorpion and 2 gnolls.

Vanquished Creatures
  A necrophage (D:4)
  A howler monkey (D:4)
  Jessica (D:3)
  Robin (D:3)
  2 gnolls (D:4)
  2 worms (D:2)
  2 dart slugs
  4 ball pythons
  3 endoplasms
  A giant cockroach (D:1)
  15 goblins
  4 hobgoblins
  3 jackals (D:1)
  4 quokkas
  3 bats (D:1)
  3 frilled lizards
  8 kobolds
  4 rats
62 creatures vanquished.

Notes
Turn   | Place    | Note
-------+----------+-------------------------------------------
     0 | D:1      | arpsito the Minotaur Fighter began the quest for the Orb.
     0 | D:1      | Reached XP level 1. HP: 19/19 MP: 0/0
   137 | D:1      | Found a faded altar of an unknown god.
   262 | D:1      | Reached XP level 2. HP: 17/27 MP: 1/1
   729 | D:2      | Reached skill level 4 in Armour
   729 | D:2      | Reached XP level 3. HP: 29/33 MP: 2/2
  1060 | D:2      | You fall into a shaft and drop 1 floor!
  1175 | D:3      | Noticed Robin
  1199 | D:3      | Noticed Jessica
  1207 | D:3      | Killed Robin
  1212 | D:3      | Reached XP level 4. HP: 26/40 MP: 3/3
  1225 | D:3      | Killed Jessica
  1609 | D:4      | Noticed a necrophage
  1617 | D:4      | Reached XP level 5. HP: 34/46 MP: 4/4
  1631 | D:4      | Reached skill level 1 in Polearms
  1631 | D:4      | Reached skill level 5 in Armour
  1631 | D:4      | Reached skill level 1 in Dodging
  1700 | D:4      | Slain by a gnoll

Illustrated notes

Levels and vault maps discovered:
D:1:      dpeg_arrival_signposts, layout_loops_ring,
          hellmonk_ecumenical_altar_slurped_away, minmay_hexomino_f4
D:2:      layout_loops_ring
D:3:      layout_rooms, kennysheep_generic_room_11, uniq_jessica, uniq_robin
D:4:      layout_basic, serial_shops, nicolae_shop_waterfront

Skill      XL: |  1  2  3  4  5 |
---------------+----------------+-----
Fighting       | 4 |  4.4
Long Blades    | 3 4 |  4.5
Armour         | 4 5 |  5.2
Shields        | 4 |  4.2
Polearms       | 1 |  1.5
Dodging        | 1 |  1.1
Stealth        | |  0.4

Action                   |  1- 3 |  4- 6 || total
-------------------------+-------+-------++-------
Melee: Long sword        |    47 |       ||    47
       Headbutt          |    12 |     3 ||    15
       Spear             |    32 |    47 ||    79
  Use: Scroll            |       |     1 ||     1
Armor: Scale mail        |    28 |    15 ||    43
Dodge: Dodged            |    47 |    31 ||    78
Block: Buckler           |    15 |    13 ||    28

Table legend: (Time is in decaauts)
 A = Elapsed time spent in this place.
 B = Non-inter-level travel time spent in this place.
 C = Inter-level travel time spent in this place.
 D = Time resting spent in this place.
 E = Time spent auto-exploring this place.
 F = Levels seen in this place.
 G = Mean time per level.
                   A        B        C        D        E       F      G
               +--------+--------+--------+--------+--------+-----+--------+
         Total |   1723 |   1635 |     88 |      0 |     25 |   4 |  430.8 |
       Dungeon |   1723 |   1635 |     88 |      0 |     25 |   4 |  430.8 |
               +--------+--------+--------+--------+--------+-----+--------+

Top non-repeatable levels by time:
     D:1: 639 daAuts
     D:3: 541 daAuts
     D:2: 434 daAuts
     D:4: 107 daAuts
